 Dungeon Crawl Stone Soup version 0.25.0-9-g26727b657a (webtiles) character file.

Game seed: 9713337665976508145

165 gruber the Ruffian (level 5, -8/50 HPs)
             Began as a Troll Fighter on June 16, 2020.
             Mangled by an ogre
             ... wielding a +0 giant spiked club
              (25 damage)
             ... on level 4 of the Dungeon.
             The game lasted 00:01:15 (1584 turns).

gruber the Ruffian (Troll Fighter)                  Turns: 1584, Time: 00:01:15

Health: -8/50      AC:  6    Str: 25    XL:     5   Next: 22%
Magic:  4/4        EV:  8    Int:  4    God:
Gold:   83         SH:  8    Dex:  9    Spells: 4/4 levels left

rFire    . . .     SeeInvis .     - Unarmed
rCold    . . .     Gourm    +   b - +0 kite shield
rNeg     . . .     Faith    .   a - +0 robe
rPois    .         Spirit   .   (helmet restricted)
rElec    .         Reflect  .   (no cloak)
rCorr    .         Harm     .   (gloves unavailable)
MR       .....                  (boots unavailable)
Stlth    +.........             (no amulet)
HPRegen  0.56/turn              n - ring of flight
MPRegen  0.09/turn              (no ring)

@: no status effects
A: large, unfitting armour, claws 3, fast metabolism 3, gourmand, regeneration
1, shaggy fur 1, tough skin 3
a: Evoke Flight


You were on level 4 of the Dungeon.
You were completely stuffed.

You visited 1 branch of the dungeon, and saw 4 of its levels.

You collected 83 gold pieces.

Inventory:

Armour
 a - a +0 robe (worn)
 b - a +0 kite shield (worn)
Jewellery
 n - a ring of flight (left claw)
Wands
 l - a wand of paralysis (9)
Scrolls
 e - a scroll of enchant armour {unknown}
 g - 4 scrolls of remove curse {unknown}
 h - 5 scrolls of identify {unknown}
 j - a scroll of fear {unknown}
 m - 2 scrolls of teleportation {unknown}
Potions
 c - a potion of might
 f - a potion of haste {unknown}
 k - a potion of stabbing {unknown}
Comestibles
 d - 3 rations
 i - 5 chunks of flesh


   Skills:
 - Level 2.4 Fighting
 - Level 2.4 Dodging
 - Level 2.4 Shields
 + Level 5.5 Unarmed Combat


You had 4 spell levels left.
You didn't know any spells.
Your spell library contained the following spells:

 Spells                   Type           Power        Failure   Level  Hunger
 Corona                   Hex            #......      93%         1    ##.....
 Ensorcelled Hibernation  Hex/Ice        #.....       98%         2    ###....
 Confusing Touch          Hex            #.......     100%        3    ####...
 Dazzling Flash           Conj/Hex       #.....       100%        3    ####...
 Tukima's Dance           Hex            #.......     100%        3    ####...


Dungeon Overview and Level Annotations

Branches:
Dungeon (3/15)

Altars:
Xom


Innate Abilities, Weirdness & Mutations

You are too large for most types of armour.
You have claws for hands.
Your metabolism is lightning-fast.
You like to eat raw meat.
Your natural rate of healing is unusually fast.
You are covered in fur. (AC +1)
You have extremely tough skin. (AC +3)


Message History

Found a lumpy yellow potion, a pair of gloves and a fizzy coppery potion.
An ogre is nearby!
An ogre is nearby!
An ogre is nearby!
You scratch the ogre.
The ogre is lightly wounded.
The ogre hits you with a +0 giant spiked club!
You closely miss the ogre.
The ogre is lightly wounded.
You scratch the ogre but do no damage.
The ogre is lightly wounded.
The ogre barely misses you.
You claw the ogre!
The ogre is moderately wounded.
The ogre hits you with a +0 giant spiked club!!
You scratch the ogre.
The ogre is heavily wounded.
The ogre hits you with a +0 giant spiked club!!
Ouch! That really hurt!
You die...

#. #..#
##..#######.##
#.##..####..#
#.#
...........#
#.#
#...#####.##
#.#
#..........#
#.#
#...#####..#
#.#
#..........#
#.#
#...######.#
#.# ###@# #.#
# #O# #.# #.##
#.# #.# ###...
#.# #.. ......
[.# ## ######
###


You could see an ogre.

Vanquished Creatures
  A scorpion (D:4)
  An orc priest (D:4)
  A worker ant (D:4)
  2 adders
  2 worms (D:2)
  2 dart slugs
  3 orcs (D:4)
  3 giant cockroaches
  2 goblins (D:2)
  5 hobgoblins
  A kobold (D:3)
  3 quokkas
  5 bats
  5 frilled lizards
  4 rats
40 creatures vanquished.

Notes
Turn   | Place    | Note
-------+----------+-------------------------------------------
     0 | D:1      | gruber the Troll Fighter began the quest for the Orb.
     0 | D:1      | Reached XP level 1. HP: 22/22 MP: 0/0
   248 | D:1      | Reached XP level 2. HP: 29/29 MP: 1/1
   640 | D:2      | Reached skill level 3 in Unarmed Combat
   855 | D:2      | Found a shimmering altar of Xom.
   894 | D:2      | Reached XP level 3. HP: 35/36 MP: 2/2
  1342 | D:3      | Reached skill level 4 in Unarmed Combat
  1361 | D:3      | You fall into a shaft and drop 1 floor!
  1378 | D:4      | Reached XP level 4. HP: 36/44 MP: 3/3
  1478 | D:4      | Reached skill level 5 in Unarmed Combat
  1483 | D:4      | Reached XP level 5. HP: 38/50 MP: 4/4
  1577 | D:4      | Noticed an ogre
  1584 | D:4      | Mangled by an ogre

Illustrated notes

Levels and vault maps discovered:
D:1:      minmay_arrival_shattered_statue, layout_loops_ring
D:2:      layout_basic, lemuel_crystal_altar
D:3:      layout_loops_ring, lemuel_crystal_altar,
          lemuel_coloured_pillars_altar, lemuel_crystal_altar,
          nicolae_overflow_crystal_walls, lemuel_doored_altar
D:4:      layout_loops_ring, nicolae_ru_the_path_less_chosen, first_ration,
          hangedman_decor_lopped

Skill      XL: |  1  2  3  4 |
---------------+-------------+-----
Unarmed Combat | 3 4 5 |  5.5
Fighting       | |  2.4
Dodging        | |  2.4
Shields        | |  2.4

Action                   |  1- 3 |  4- 6 || total
-------------------------+-------+-------++-------
Melee: Unarmed           |   111 |    18 ||   129
 Stab: Sleeping          |     1 |       ||     1
  Eat: Chunk             |    17 |     3 ||    20
Armor: Robe              |    37 |     5 ||    42
Dodge: Dodged            |    38 |     1 ||    39
Block: Kite shield       |    46 |     5 ||    51
